[Event "4NCL 2022-2023"]
[Site "Daventry"]
[Date "2023.02.12"]
[Round "6.2"]
[White "Hebden, Mark L"]
[Black "Bourached, Anthony"]
[Result "1-0"]
[ECO "D29"]
[WhiteElo "2454"]
[BlackElo "2043"]
[Annotator "TA"]
[PlyCount "47"]
[EventDate "2022.10.20"]
[EventType "team-tourn"]
[EventCountry "ENG"]
[SourceTitle "playchess.com"]
[Source "ChessBase"]
[SourceQuality "1"]
[TimeControl "40/6000+30:2400+30"]

1. d4 d5 2. Nf3 Nf6 3. c4 dxc4 4. e3 e6 5. Bxc4 c5 6. O-O Nc6 7. Qe2 a6 8. Bb3 b5 9. a4 {[%emt 0:02:00] D29: Queen's Gambit Accepted: Classical main line: 7 Qe2 with early ...Nbd7.} Rb8 (9... Na5 $11 10. Nbd2 cxd4) 10. axb5 $14 axb5 {[%emt 0:00:18] [#]} 11. dxc5 $146 (11. Nc3 $14) ({Predecessor:} 11. Nc3 c4 12. Bc2 Be7 13. e4 Nb4 14. Bb1 O-O 15. Bf4 Rb6 16. Ra7 Bb7 17. Rd1 {0-1 Breier,A (2368)-Pajeken,J (2382) Bundesliga 2122 2022 (3.5)}) 11... Bxc5 $11 12. Nc3 Qb6 {[%emt 0:01:20] [#]} (12... O-O $11) 13. Bd2 (13. e4 $1 $16) 13... O-O $1 14. Rfc1 Bd7 15. Ng5 (15. Bc2 $14) 15... Be7 16. Nce4 ({White should play} 16. Nf3 $11) 16... Nd5 (16... h6 $15 {stays ahead.} 17. Nxf6+ Bxf6) 17. Nf3 {[%emt 0:05:31] White has more active pieces.} (17. Qh5 $16 Bxg5 18. Qxg5 (18. Nxg5 Nf6 $16)) 17... Rfd8 18. h4 b4 ({Better is} 18... Be8 $15) 19. Ra6 ({White should try} 19. Neg5 $1 $14) 19... Qb5 $2 {[%emt 0:00:28] [#]} (19... Qb7 $11) 20. Qxb5 $18 Rxb5 21. Raxc6 Bxc6 22. Rxc6 h6 23. Nd4 Ra5 24. Rc1 {[%emt 0:00:00] Against Ra1.   Weighted Error Value: White=0.37/Black=0.59} 1-0

[Event "4NCL 2022-2023"]
[Site "Daventry"]
[Date "2023.02.12"]
[Round "6.3"]
[White "Freeman, Gordon"]
[Black "Eggleston, David J"]
[Result "1/2-1/2"]
[ECO "E05"]
[WhiteElo "2094"]
[BlackElo "2364"]
[Annotator "TA"]
[PlyCount "96"]
[EventDate "2022.10.20"]
[EventType "team-tourn"]
[EventCountry "ENG"]
[SourceTitle "playchess.com"]
[Source "ChessBase"]
[SourceQuality "1"]
[TimeControl "40/6000+30:2400+30"]

1. d4 Nf6 2. Nf3 e6 3. g3 d5 4. Bg2 Be7 5. c4 O-O 6. O-O dxc4 7. Qc2 b5 8. a4 {[%emt 0:03:39] E05: Open Catalan: 5 Nf3 Be7.} b4 {[%emt 0:00:18] 8...Bb7 is more fashionable.} 9. Qxc4 (9. Nfd2 $5 c6 10. Nxc4 $11) 9... Bb7 (9... Ba6 $5 10. Qc2 Nbd7 $11) 10. Bg5 Bd5 11. Qc2 Nbd7 12. Nbd2 c5 13. Bxf6 ({White should play} 13. e4 $14 Bb7 14. e5) 13... Bxf6 14. e4 Bb7 15. dxc5 Rc8 16. Nb3 Be7 17. Rfd1 {[%emt 0:05:34] [#]} Qc7 $146 {[%emt 0:06:06][%cal Rd7c5] Against Ne5} (17... Qe8 $5 ) ({Predecessor:} 17... Qe8 18. Qd2 Nxc5 19. Nxc5 Bxc5 20. Ne5 Rd8 21. Qe1 Qe7 {0-1 Stefanov,E (2072)-Enchev,I (2393) BUL-ch sf 79th 2015 (1)}) 18. c6 Nb8 19. Nfd4 Nxc6 20. Nxc6 Bxc6 21. Nd4 {[%emt 0:02:00] [#] Rac1 would be deadly.} Bd7 {[%emt 0:05:56] This pair of bishops is nice.} 22. Qxc7 Rxc7 23. Nb5 Bxb5 24. axb5 Rb8 (24... Rc2 $15 25. Rdc1 (25. Rxa7 Bc5 $17) 25... Rxb2 26. Rxa7 Bf6) 25. Bf1 $11 Rc2 26. Rdc1 (26. Rxa7 $11 Bc5 27. Rad7 Bxf2+ 28. Kh1) 26... Rxc1 (26... Rxb2 $15 27. Rxa7 Bd8) 27. Rxc1 $15 {[%emt 0:00:10][%mdl 4096] Endgame KRB-KRB. The position is equal.} Rb7 28. Rc8+ Bf8 29. b3 g6 30. Rd8 Kg7 31. Bc4 Bc5 32. Kg2 Bb6 33. Rd3 g5 34. f4 h6 35. h3 Rc7 36. Kf3 Kf6 37. Rd1 gxf4 38. gxf4 Ke7 39. f5 Rc8 40. Rd2 Kf6 41. Rd7 Rc7 42. fxe6 fxe6 43. Rd6 Re7 44. Kf4 Bd4 $1 {[%emt 0:00:45][%mdl 64] [#] ...Be5+ is the strong threat. Decoy} 45. Rc6 (45. Rxd4 $2 {too greedy.} e5+ 46. Ke3 exd4+ 47. Kxd4 h5 $19) 45... Bc3 46. Ke3 Ke5 47. Rc5+ Kf6 48. Rc6 Ke5 {[%emt 0:00:20] Weighted Error Value: White=0.09 (flawless) /Black=0.07 (flawless)} 1/2-1/2

[Event "4NCL 2022-2023"]
[Site "Daventry"]
[Date "2023.02.12"]
[Round "6.4"]
[White "Kirk, Ezra"]
[Black "Wall, Gavin"]
[Result "1-0"]
[ECO "C75"]
[WhiteElo "2427"]
[BlackElo "2290"]
[Annotator "TA"]
[PlyCount "63"]
[EventDate "2022.10.20"]
[EventType "team-tourn"]
[EventCountry "ENG"]
[SourceTitle "playchess.com"]
[Source "ChessBase"]
[SourceQuality "1"]
[TimeControl "40/6000+30:2400+30"]

1. e4 e5 2. Nf3 Nc6 3. Bb5 a6 4. Ba4 d6 5. O-O Nge7 6. c3 Ng6 7. d4 Bd7 8. Bc2 {[%emt 0:00:07] C75: Ruy Lopez: Deferred Steinitz: 5 c3 Bd7 6 d4 without ...g6.} Be7 {[%emt 0:00:41] [#]} 9. a4 $146 ({Predecessor:} 9. h3 O-O 10. Re1 h6 11. Nbd2 Nh4 12. Nxh4 Bxh4 13. Nf3 Bf6 14. Be3 Re8 15. Nh2 {1-0 Varillas Jimenes,I (2028)-Vilca Contreras,D (1150) Nonalaya Ricardo Online op blitz 2020 (1)}) 9... O-O 10. d5 {[%emt 0:00:25] White is slightly better.} Nb8 11. a5 f5 12. exf5 Bxf5 13. Bxf5 Rxf5 14. Nbd2 Nd7 15. Ne4 Qf8 16. c4 c5 {[%emt 0:16:54] White leaves nothing to chance now.} ({Black should try} 16... Nf4 $14) 17. Rb1 b6 18. axb6 a5 19. b7 {[%emt 0:00:57] White is much more active.} Ra7 (19... Rb8 $16 20. Nfg5 (20. Qb3 a4 $16) 20... Bxg5) 20. Ra1 ({White should play} 20. Qb3 $18) 20... Qb8 (20... h6 $16 {is a better defense.} 21. Ne1 (21. Qb3 Qb8 $16) 21... Rxb7 22. Rxa5 Rf7) 21. Nfg5 $18 Bxg5 22. Bxg5 Rxb7 (22... Rf7 $16 23. g3 Ngf8) 23. Rxa5 {[%emt 0:01:16] Strongly threatening Qg4.} Rxb2 (23... Rf7 {keeps fighting.} 24. Ra6 Rb6) 24. Qa1 {[%emt 0:03:07] [#] Ra8 would be deadly.} Ndf8 $2 (24... Rf8 25. Ra7 Rb7 26. Rxb7 {[%mdl 64] Deflection} Qxb7 27. Nxd6 Qb6) 25. Ra6 (25. Ra8 $142 Qb6 26. Be3) 25... Qb3 26. Be3 {[%emt 0:04:07] Threatens to win with Ra8.} (26. Nxd6 Rxg5 27. g3 Rg4 $17) (26. Rxd6 $6 Qc2 $14) 26... Nf4 27. Bxf4 (27. Rxd6 $2 Qxe3 28. Qxb2 (28. fxe3 Rxg2+ 29. Kh1 Rh5) 28... Qxe4 $19) 27... exf4 (27... Rxf4 {was necessary.} 28. Nxd6 Qc2) 28. Ra3 (28. Nxd6 $6 Rf6 29. Rc6 Re2 $18) (28. Rxd6 Re2 29. Nc3 (29. Nxc5 Qxc4 30. Ne6 Nxe6 $14) 29... Rc2 $11) 28... Qb6 {[%emt 0:01:45] [#]} 29. Nxd6 $1 {[%emt 0:02:27][%cal Be4d6,Bd6b5,Bb5c3,Bc3a4][%mdl 608] Deflection} Re5 30. Nb5 Ree2 (30... Rbe2 {is tougher.} 31. Ra6 Qd8) 31. Nc3 Rec2 32. Na4 $1 {[%emt 0:01:48][%csl LRb2,LRb6] Weighted Error Value: White=0.18 (very precise) /Black=0.49} 1-0

[Event "4NCL 2022-2023"]
[Site "Daventry"]
[Date "2023.02.12"]
[Round "6.5"]
[White "Venkatesan, Kavin"]
[Black "Arkell, Keith C"]
[Result "1/2-1/2"]
[ECO "E20"]
[WhiteElo "2184"]
[BlackElo "2404"]
[Annotator "TA"]
[PlyCount "97"]
[EventDate "2022.10.20"]
[EventType "team-tourn"]
[EventCountry "ENG"]
[SourceTitle "playchess.com"]
[Source "ChessBase"]
[SourceQuality "1"]
[TimeControl "40/6000+30:2400+30"]

1. d4 Nf6 2. c4 e6 3. Nc3 Bb4 4. f3 c5 5. d5 Bxc3+ 6. bxc3 d6 7. e4 e5 8. Bd3 Nbd7 9. Ne2 h6 {[%emt 0:01:22] E20: Nimzo-Indian: 4 g3 and 4 f3.} 10. Ng3 Nf8 {[%emt 0:00:34][%cal Bd7f8,Bf8g6,Bg6f4][%mdl 32] [#]} 11. f4 $146 (11. Be3 $16) ({Predecessor:} 11. Rb1 Qc7 12. O-O g5 13. h4 gxh4 14. Nf5 Bxf5 15. exf5 N8d7 16. Qe1 h3 17. gxh3 {0-1 Seirawan,Y (2600)-Andersson,U (2635) Jakarta International 1983 (11)}) 11... exf4 $11 12. Bxf4 Ng6 13. O-O Nxf4 14. Rxf4 h5 {[%emt 0:07:06] [#]} (14... Nd7 $15) 15. e5 $1 dxe5 16. Qe2 $36 {[%emt 0:01:24][%mdl 2048] White has good play.} Qe7 17. Re1 (17. Rf5 {looks sharper.} e4 18. d6 Qxd6 19. Nxe4 Nxe4 20. Qxe4+ Be6 21. Rb1) 17... Bg4 {[%emt 0:04:46] Prevents Rf5.} (17... Kf8 $11 {might be stronger.}) 18. Qxe5 $14 Qxe5 19. Rxe5+ Kf8 $1 20. h3 {[%emt 0:01:26] White has more active pieces. The black rooks are badly placed.} (20. d6 $1 $16) 20... Bd7 $11 21. Ne4 Nxe4 22. Bxe4 Re8 {[%emt 0:03:14] [#] Inhibits d6.} ({Black should try} 22... f6 $14) 23. Rxe8+ (23. Bg6 $1 $16 Rxe5 24. Rxf7+ (24. Bxf7 $2 {too greedy.} Rf5 $19) 24... Ke8 25. Rf5+ {[%mdl 64] Discovered Attack} (25. Rxg7+ $2 {loses.} Kd8 $19) 25... Kd8 26. Rxe5) 23... Kxe8 24. Bf5 {[%emt 0:03:49] Threatens to win with Bxd7+.} Bxf5 25. Rxf5 {[%emt 0:00:02][%mdl 4096] Endgame KR-KR} Ke7 26. d6+ {[%emt 0:02:33][%mdl 64] Discovered Attack} Ke6 27. Rxc5 Kxd6 28. Rd5+ Kc6 29. Rf5 f6 30. h4 Re8 31. Rxh5 Re4 32. Rh7 Rxc4 33. Rxg7 {[%emt 0:00:06] Strongly threatening h5.} Rxh4 34. Rf7 Rf4 35. g3 Rf5 36. Kg2 a5 37. g4 Rf4 38. Kg3 Rf1 39. Kg2 {[%emt 0:00:06][%mdl 64] Deflection} Rc1 40. Rxf6+ Kb5 $2 {[%emt 0:00:49][%mdl 8192] [#]} (40... Kd7 $11 {and Black has nothing to worry.}) 41. a4+ $2 Kxa4 {[%emt 0:00:00] White must now prevent ...Rc2+. The position is equal.} 42. Rb6 Rc2+ 43. Kf1 Rxc3 44. Rxb7 Rc4 45. g5 Rg4 46. Rg7 Kb5 47. Ke2 a4 {[%emt 0:00:09] aiming for ...a3.} 48. Kd3 a3 {[%emt 0:00:50] ( -> ...a2)} 49. Kc2 {[%emt 0:00:10] Weighted Error Value: White=0.29 (precise) /Black=0.25 (precise)} 1/2-1/2

[Event "4NCL 2022-2023"]
[Site "Daventry"]
[Date "2023.02.12"]
[Round "6.6"]
[White "Pert, Richard G"]
[Black "Murray, David"]
[Result "1-0"]
[ECO "D03"]
[WhiteElo "2411"]
[BlackElo "2120"]
[Annotator "TA"]
[PlyCount "161"]
[EventDate "2022.10.20"]
[EventType "team-tourn"]
[EventCountry "ENG"]
[SourceTitle "playchess.com"]
[Source "ChessBase"]
[SourceQuality "1"]
[TimeControl "40/6000+30:2400+30"]

1. d4 Nf6 2. Nf3 g6 3. Bg5 Bg7 4. Nbd2 d5 5. e3 O-O 6. Bd3 c5 7. c3 Nbd7 8. Qe2 {[%emt 0:11:45] D03: 1 d4 d5 2 Nf3 Nf6 3 Bg5, including Torre Attack with early ...d5.} Re8 9. O-O e5 10. dxe5 {[%emt 0:03:04] The position is equal.} Nxe5 11. Nxe5 Rxe5 12. f4 Re8 13. f5 Qd6 {[%emt 0:08:56] [#]} (13... c4 $5 14. Bc2 Qb6 $11) 14. Rad1 $146 ({Predecessor:} 14. Qf3 Rf8 15. Rae1 Bxf5 16. Bxf5 gxf5 17. Qxf5 Nd7 18. e4 d4 19. e5 Qe6 20. cxd4 cxd4 21. Qxe6 fxe6 {½-½ Mufic,G (2364)-Rasic,D (2252) CRO-chT Pula 2000 (5)}) 14... Nd7 15. Ne4 {[%emt 0:22:17][%mdl 64] Deflection} dxe4 (15... Qb6 $1 $11 {and Black has nothing to worry.}) 16. Bc4 $18 Qf8 {[%emt 0:02:47] aiming for ...Ne5.} 17. fxg6 hxg6 18. Rxf7 Qxf7 19. Bxf7+ Kxf7 20. Qc4+ Re6 21. Rf1+ (21. Rd6 Ne5 22. Qb3 (22. Qxe4 $2 Rxd6 23. h3 Rd1+ 24. Kh2 Rd2 $19) (22. Qxc5 Nc6 $14) 22... c4 $16) 21... Bf6 22. g4 {[%emt 0:02:21] Threatens to win with Bxf6.} Ke7 23. Bxf6+ Rxf6 24. Qxe4+ Kf7 25. Rd1 (25. Qd5+ $18 Kg7 26. Rxf6 {[%mdl 64] Deflection} Nxf6 27. Qxc5) 25... a5 $1 $14 26. g5 Rf5 (26... Re6 $14 27. Qh4 Kg8) 27. Rd5 $18 Rxd5 28. Qxd5+ Ke7 29. Qe4+ {[%emt 0:01:46][%mdl 1024] White has strong compensation.} Kf7 30. Qf4+ Ke6 31. h4 Ra6 {[%emt 0:07:11] [#]} 32. h5 $1 gxh5 33. g6 Nf6 34. Qc4+ Kf5 (34... Kd6 $142 35. Qf7 Nd5) 35. Qxc5+ Kxg6 36. Qxc8 {[%emt 0:00:04][%mdl 4096] Endgame KQ-KRN} Rb6 37. b3 a4 38. Qd8 Rc6 39. Qd3+ (39. bxa4 Rxc3 40. Qb6 Rc4 41. Qb1+ Kh6 42. Qxb7 Rxa4) 39... Kg5 (39... Kf7 $142 40. bxa4 Re6) 40. e4 {[%emt 0:00:49] And now Qb5+ would win.} axb3 41. axb3 Kf4 42. Kg2 {[%emt 0:00:00] Qf3+ would be deadly.} Nxe4 43. Qf3+ Ke5 44. Qxh5+ Kf4 45. Qh2+ Ke3 {[%emt 0:02:52] ( -> ...Rg6+)} 46. Qg1+ $1 Kf4 47. Qc1+ Ke5 48. c4 Rg6+ 49. Kh2 Rg3 (49... b6 $16 {was worth a try.} 50. Qe3 Rd6) 50. b4 Kd4 51. Qf4 $2 ({Better is} 51. Qa1+ $18 Kxc4 52. Qe5) 51... Rc3 ({Black should play} 51... Rb3 $1 $14) 52. Qc7 ({Only move:} 52. c5 $18 Rb3 53. Qb8 Rb2+ 54. Kh3) 52... Rxc4 (52... Rc2+ $14 53. Kh1 Rc1+ 54. Kh2 Rc2+ 55. Kg1 Rc1+ 56. Kh2 Rc2+) 53. Qxb7 $16 Rc2+ 54. Kh3 Rc3+ 55. Kh4 (55. Kg4 $18 {Black must now prevent Kf4.} Rc4 56. Kf3) 55... Rb3 (55... Rc4 $1 $14) 56. b5 (56. Qd7+ $18 Kc3 57. Qc6+ Kd4 58. Qb6+ Kd3 59. Qa6+ Ke3 60. Qa7+ Kd3 61. Qd7+ Kc3 62. Qc6+ Kd4 63. Qb6+ Kd3 64. Kh5) 56... Nc5 $14 57. Qc6 Kc4 58. b6 Rb5 59. Kg5 Rb1 60. Kg6 {[%emt 0:02:22] Kf7 is the strong threat.} (60. Kf5 Rb3 61. Kg5 (61. Ke5 Rxb6 62. Qd5+ Kb4 $16) 61... Rd3 $18) 60... Rb3 61. Kf7 {[%emt 0:00:54] Strongly threatening Ke7.} Rb2 $2 (61... Rh3 $14 62. Kg6 Rd3) 62. Ke7 $18 Re2+ {[%emt 0:00:30] [#]} 63. Kf7 $2 (63. Kd8 $1 $18 Rf2 64. Qe8 (64. b7 Rb2 $14)) 63... Rf2+ $2 {[%emt 0:00:19][%mdl 8192] [#]} (63... Rb2 $11 64. Ke7 Re2+ 65. Kd8 Rf2) 64. Kg8 $2 (64. Ke8 $1 $18) 64... Rb2 $14 65. Qc7 Rb4 66. Kf7 Kd5 {[%emt 0:00:40] Dodges Qc6+} 67. Kg6 Rb3 68. Kf5 Rf3+ 69. Kg4 Rb3 70. Kh4 Rb4+ 71. Kg3 Rb3+ 72. Kf2 Rb2+ 73. Ke3 {[%emt 0:00:11] Intending Qf7+ and mate.} Rb3+ 74. Kd2 Rb2+ 75. Kc1 Nd3+ $2 (75... Rb5 $14 76. Kc2 Rb3) 76. Kd1 $18 Nf2+ 77. Ke1 Nd3+ 78. Kf1 Nc5 79. Qf7+ {[%emt 0:00:55] White mates.} Ke4 80. Qc4+ Kf3 81. Qc3+ {[%emt 0:00:25] Weighted Error Value: White=0.39/Black=0.36} (81. Qxc5 $2 {gets mated.} Rb1+) 1-0

[Event "4NCL 2022-2023"]
[Site "Daventry"]
[Date "2023.02.12"]
[Round "6.7"]
[White "Thorarinsson, Pall A."]
[Black "Steil-Antoni, Fiona"]
[Result "1-0"]
[ECO "A41"]
[WhiteElo "2169"]
[BlackElo "2195"]
[Annotator "TA"]
[PlyCount "97"]
[EventDate "2022.10.20"]
[EventType "team-tourn"]
[EventCountry "ENG"]
[SourceTitle "playchess.com"]
[Source "ChessBase"]
[SourceQuality "1"]
[TimeControl "40/6000+30:2400+30"]

1. d4 d6 2. Nf3 Bg4 3. e4 Nd7 4. h3 Bh5 5. Nc3 e5 6. d5 {[%emt 0:01:04] A41: 1 d4 d6: Tartakower System and Modern Defence.} (6. Be3 $16) 6... Ngf6 $11 {[%emt 0:03:47] [#]} 7. g4 $146 ({Predecessor:} 7. Bd3 Be7 8. g4 Bg6 9. Qe2 c6 10. dxc6 bxc6 11. h4 h5 12. g5 Nh7 13. Be3 {0-1 Smith,A (2483)-Danielsen,H (2498) Odense Andersen op 2012 (4)}) 7... Bg6 8. Qe2 {[%emt 0:00:55] White has an edge.} c6 (8... h6 $11) 9. g5 $14 Nh5 10. h4 $1 Be7 11. Bh3 O-O 12. Be3 (12. Nh2 $14) 12... f6 (12... cxd5 $11 13. exd5 Kh8) 13. O-O-O $36 {[%emt 0:08:57][%mdl 2048] White is on the roll.} c5 (13... cxd5 $142 14. Be6+ (14. Nxd5 Bxe4 15. Nxe7+ {[%mdl 64] Discovered Attack} Qxe7 $14) (14. exd5 f5 $11) (14. Rxd5 Nb6 $14) 14... Kh8) 14. gxf6 {[%emt 0:04:26] White is much more active. The black rooks are badly placed.} (14. Nd2 $142) 14... Ndxf6 15. Ng5 Qa5 16. Rhg1 (16. Rdg1 $16) 16... a6 (16... b5 $11) 17. Ne6 Rf7 $2 (17... b5 $1 $14) 18. Bf5 Bxf5 19. exf5 b5 {[%emt 0:01:24][%cal Bb7b5,Bb5b4][%mdl 32] [#]} 20. Rg5 $2 (20. Kb1 $1 $18) 20... b4 $11 21. Nb1 Nf4 (21... Qb5 $14 22. Qf3 e4) 22. Bxf4 $18 exf4 {[%emt 0:00:22] [#]} 23. Rxg7+ $1 Rxg7 24. Nxg7 Ra7 25. Rg1 {[%emt 0:01:22] White wants to mate with Qe6+.} Kh8 26. Nh5 {[%emt 0:09:08] aiming for Nxf6.} Nxh5 27. Qxh5 {[%emt 0:00:02] Threatening mate with Qe8+. Black is weak on the light squares} Qd8 {[%emt 0:01:29] Against Qe8+} 28. Re1 {[%emt 0:02:13] Nd2 is the strong threat.} (28. Qf7 Qf8 29. Qxf8+ Bxf8 $14) 28... Qg8 $2 (28... Qf8 29. Nd2 Ra8) 29. Nd2 Bf8 (29... Qxd5 $142 30. Nf3 (30. Qe8+ Qg8 $16) 30... Bf8) 30. Qe8 (30. f6 $142) 30... Re7 31. Rxe7 Bxe7 32. Qxg8+ ({Inferior is} 32. Qxe7 Qg1+ $11) 32... Kxg8 {[%emt 0:00:01][%mdl 4096] Endgame KB-KN} 33. h5 {[%emt 0:02:48] Black must now prevent Kd1.} Kg7 34. Ne4 {[%emt 0:00:52] Strongly threatening Kd2.} Kh6 35. Kd2 {[%emt 0:00:29] And now Ke2 would win.} ({Much weaker is} 35. f6 $6 Bf8 $11) 35... Kxh5 {[%emt 0:00:24] [#]} 36. f3 Kh4 ({Black should try} 36... Kh6 $14) 37. Ke2 h6 (37... Kh5 $16) 38. Kf2 Kh3 $2 (38... c4 39. c3 bxc3 40. bxc3 Bf8) 39. b3 $2 (39. f6 Bd8 40. b3 (40. Nxd6 Bxf6 41. Nf5 h5 $16)) 39... Kh2 $2 (39... Kh4 40. Ke2 Bf8) 40. f6 Bf8 41. f7 {[%emt 0:40:06] Nf6 would kill now.} Kh3 42. Nf6 Kh4 43. Nh7 Bg7 44. f8=Q Bxf8 45. Nxf8 Kg5 46. Kg2 Kf6 47. Nd7+ Ke7 48. Nb6 Kf6 49. Nc4 {[%emt 0:00:00] Weighted Error Value: White=0.49/Black=0.76} 1-0

[Event "4NCL 2022-2023"]
[Site "Daventry"]
[Date "2023.02.12"]
[Round "6.8"]
[White "Boswell, Jacob Connor"]
[Black "Mirza, Diana"]
[Result "1-0"]
[ECO "A30"]
[WhiteElo "2109"]
[BlackElo "1904"]
[Annotator "TA"]
[PlyCount "63"]
[EventDate "2022.10.20"]
[EventType "team-tourn"]
[EventCountry "ENG"]
[SourceTitle "playchess.com"]
[Source "ChessBase"]
[SourceQuality "1"]
[TimeControl "40/6000+30:2400+30"]

1. c4 c5 2. Nf3 Nc6 3. e3 g6 4. d4 cxd4 5. exd4 d5 (5... Bg7 $11 {keeps the balance.}) 6. cxd5 $1 $16 {[%emt 0:07:55] A30: Symmetrical English: Double Fianchetto and Hedgehog.} Qxd5 7. Nc3 Qa5 8. d5 $1 {[%emt 0:09:50] White is clearly better.} Nb8 {[%emt 0:01:48] [#]} 9. Be2 $146 ({Better is} 9. Bc4 $18) ({Predecessor:} 9. Qd4 Nf6 10. d6 Nc6 11. Bb5 Bd7 12. Bxc6 Bxc6 13. O-O O-O-O 14. Bf4 Bg7 15. Ne5 Rxd6 {1-0 Viskelis,D (2200)-Santos Flores,A (2182) Titled Tuesday intern op 23rd Nov blitz 2021 (9)}) 9... Bg7 10. O-O Nh6 (10... Nf6 $16 {was called for.}) 11. d6 ({White should play} 11. Bxh6 $18 Bxh6 12. d6) 11... Nf5 12. Nb5 Nxd6 13. Nxd6+ exd6 14. Qxd6 Qb6 $2 (14... Nc6 $16) 15. Qa3 $2 (15. Bb5+ $1 $18 Nc6 16. a4) 15... Nc6 16. Bc4 $1 $40 {[%emt 0:06:20][%mdl 128] Re1+ is the strong threat. White is out for blood.} Be6 17. Bxe6 fxe6 {[%emt 0:00:06] [#]} 18. Ng5 $1 Nd4 {[%emt 0:08:46] [#]} 19. Be3 $1 {[%emt 0:01:03] Rae1 would be deadly.} e5 $2 (19... h6 $16) 20. Bxd4 $18 {[%emt 0:02:19][%mdl 64] Remove Defender} Qxd4 21. Qb3 $2 (21. Rad1 Qc4 22. Qh3) 21... O-O-O 22. Ne6 Qd7 (22... Qd5 23. Nxg7 Qxb3 24. axb3 Kd7) 23. Rac1+ {[%emt 0:00:51] White is clearly winning.} Kb8 24. Rfd1 {[%emt 0:00:36][%cal Oe6d8] Nxd8! would kill now.} Qe7 25. Rxd8+ Rxd8 26. Nxd8 Qxd8 27. Qd1 Qxd1+ 28. Rxd1 {[%emt 0:00:01] KR-KB} Kc7 29. f3 Bf8 30. Kf2 Bc5+ 31. Ke2 Bd4 {[%emt 0:00:05] [#]} 32. Rxd4 $1 {[%emt 0:00:36][%mdl 512] Weighted Error Value: White=0.61/Black=0.43} 1-0

[Event "4NCL 2022-2023"]
[Site "Daventry"]
[Date "2023.02.12"]
[Round "6.9"]
[White "Ansell, Simon T"]
[Black "Parligras, Mircea-Emilian"]
[Result "0-1"]
[ECO "B53"]
[WhiteElo "2345"]
[BlackElo "2570"]
[Annotator "TA"]
[PlyCount "152"]
[EventDate "2022.10.20"]
[EventType "team-tourn"]
[EventCountry "ENG"]
[SourceTitle "playchess.com"]
[Source "ChessBase"]
[SourceQuality "1"]
[TimeControl "40/6000+30:2400+30"]

1. e4 c5 2. Nf3 d6 3. d4 cxd4 4. Qxd4 Nf6 5. Be2 g6 6. h3 {[%emt 0:01:33] B53: Sicilian: 2...d6: Lines with Qxd4.} Bg7 7. O-O O-O 8. Rd1 {[%emt 0:01:23] The position is equal.} Be6 9. Qe3 Qb6 10. Qxb6 axb6 11. Nc3 Rc8 {[%emt 0:02:44][%cal Oc8c3] [#]} 12. Bd3 $146 ({Predecessor:} 12. Nd4 Bc4 13. Kf1 Bxe2+ 14. Kxe2 Rxc3 15. bxc3 Nxe4 16. Bd2 Nc6 17. f3 Nxd2 18. Rxd2 {0-1 Thybo,J (2516)-Manish,A (2249) Nova Gorica op-A 26th 2022 (7)}) 12... Na6 13. a3 (13. Be3 $11) 13... Nc5 (13... Nd7 $1 $15) 14. Be3 Bd7 15. Nd4 Bc6 16. Nxc6 (16. f3 $11) 16... bxc6 $15 17. a4 (17. Rab1 $15) 17... Nfd7 $17 18. Ra3 {[%emt 0:21:30] [#]} ({Better is} 18. f4) 18... b5 $1 {[%emt 0:01:58][%mdl 512] ...b4 is the strong threat.} 19. b4 (19. Bxc5 Nxc5) 19... Nxa4 20. Nxa4 Rxa4 21. Rb3 Ne5 22. f4 Nc4 23. Bf2 Rca8 24. Kf1 Ra1 25. Rxa1 Rxa1+ 26. Ke2 Kf8 {[%emt 0:02:21] Black is more active.} 27. e5 Ke8 28. h4 (28. Bd4 $17 Ra2 29. Be4) 28... h5 (28... dxe5 $19 29. Bxc4 bxc4) 29. exd6 Nxd6 30. Bc5 Bf6 31. g3 Kd7 32. Kf3 Nc4 33. Ke2 {[%emt 0:00:14] Repels Nd2} e6 34. Be4 (34. Bxc4 $17 {was necessary.} bxc4 35. Re3) 34... Ra3 35. Rxa3 Nxa3 {[%emt 0:00:06][%mdl 4096] Endgame KBB-KBN} 36. Kd3 {[%emt 0:01:54] Prevents Bc3.} Nc4 37. Bf2 Be7 38. c3 (38. Be1 $17 {was worth a try.}) 38... f5 $1 $19 39. Bg2 Bd8 (39... Bd6 $19 {aiming for ...e5.} 40. Be1 e5 41. fxe5 Nxe5+ 42. Kc2 Ng4) 40. Ke2 Bc7 41. Bd4 e5 42. fxe5 Nxe5 ({Don't play} 42... Bxe5 $6 43. Bxe5 Nxe5 44. Ke3 $11) 43. Bf2 $2 (43. Be3 $17 {only move.}) 43... Ng4 44. Be1 Be5 45. Kd3 Nf6 46. Bf3 (46. c4 $142 bxc4+ 47. Kxc4) 46... Kd6 47. Bg2 Nd5 $2 (47... Ne4 $19 {and Black stays clearly on top.} 48. Bxe4 fxe4+ 49. Kxe4 Ke6) 48. Bf3 $17 Nf6 $2 (48... Kd7 $17) 49. Bg2 $1 $19 Ne4 50. Bxe4 $2 (50. c4) 50... fxe4+ 51. Kxe4 {[%emt 0:00:14] KB-KB} Ke6 52. Ke3 Kd5 {[%emt 0:00:51] And now ...Kc4 would win.} 53. Kd3 Bd6 54. Bf2 Bc7 55. Be1 c5 56. bxc5 Kxc5 57. Bf2+ Kd5 58. Be1 Bb8 59. Bf2 Bd6 60. Be1 Ke5 {[%emt 0:00:21] White must now prevent ...Kd5.} 61. Ke3 Bc5+ $2 (61... Bf8 62. Kd3 Bd6) 62. Kf3 Kd5 $1 63. g4 $2 {[%emt 0:11:20] [#]} (63. Kf4 Be7 64. g4 hxg4 65. Kxg4) 63... hxg4+ $2 (63... Bd6 $1 $19 {is more deadly.} 64. gxh5 gxh5) 64. Kxg4 $17 Be7 {[%emt 0:00:05] Threatens to win with ...Bf6.} 65. h5 gxh5+ 66. Kxh5 Bf6 {[%emt 0:00:15] ( -> ...Kc4)} 67. Kg6 $2 {[%emt 0:00:05][%mdl 8192] [#]} (67. Kg4 $17) 67... Bh8 $1 {[%emt 0:00:05] Black mates.} 68. Bh4 Bxc3 69. Be7 Bd4 70. Kf5 Bc5 71. Bg5 b4 72. Bc1 b3 73. Bb2 Bd4 74. Ba3 Bc3 75. Kf4 Kd4 76. Kf3 Kd3 {[%emt 0:00:00] Weighted Error Value: White=0.39/Black=0.27 (precise)} 0-1